[Event "Titled Tuesday Blitz March 21 Late 2023"]
[White "ArturoCaceres"]
[Black "Bilych, Olexiy"]
[BlackFideId "14156504"]
[WhiteElo "2388"]
[BlackElo "2320"]
[Result "0-1"]
[Round "01"]
[TimeControl "180+2"]
[Date "2023.03.21"]
[WhiteClock "0:00:01"]
[BlackClock "0:01:06"]

1. e4 c5 2. Nf3 e6 3. d4 cxd4 4. Nxd4 Nc6 5. Nc3 Qc7 6. Be2 a6 7. Be3 Nf6 8. O-O Be7 9. Kh1 d6 10. f4 O-O 11. Qe1 Nxd4 12. Bxd4 b5 13. a3 Bb7 14. Bd3 Rad8 15. Qg3 g6 16. Rae1 Nh5 17. Qh3 Nxf4 18. Rxf4 e5 19. Nd5 Bxd5 20. exd5 exf4 21. Qh6 f6 22. Bxg6 hxg6 23. Qxg6+ Kh8 24. Re4 Qxc2 25. Qh6+ Kg8 26. Rxe7 Qb1+ 27. Bg1 Rf7 28. Rxf7 Kxf7 29. Qxf4 Qd3 30. Qh4 Rg8 31. Qh5+ Ke7 32. h3 Qe4 33. Qf3 Qxf3 34. gxf3 Rg3 35. Kh2 Rxf3 36. Bd4 Rd3 37. Bg1 Rxd5 0-1


[Site "https://www.chess.com"]

[Event "Titled Tuesday Blitz March 21 Late 2023"]
[White "Hernandez Gonzalez, William"]
[Black "Hoffmann, Asa"]
[WhiteFideId "3509915"]
[BlackFideId "2001470"]
[WhiteElo "2374"]
[BlackElo "2117"]
[Result "1-0"]
[Round "01"]
[TimeControl "180+2"]
[Date "2023.03.21"]
[WhiteClock "0:00:01"]
[BlackClock "0:00:02"]

1. e4 d6 2. d4 Nf6 3. Nc3 c6 4. f3 Nbd7 5. Be3 e5 6. a4 Qa5 7. Qd2 Be7 8. Bc4 b5 9. Bb3 a6 10. Nge2 Bb7 11. O-O Qc7 12. axb5 axb5 13. d5 O-O 14. dxc6 Bxc6 15. Ng3 g6 16. Rfd1 Rxa1 17. Rxa1 Nc5 18. Bd5 b4 19. Nce2 Bxd5 20. exd5 Qb7 21. Bxc5 dxc5 22. c4 Bd6 23. Ne4 Nxe4 24. fxe4 Ra8 25. Rxa8+ Qxa8 26. b3 Qa3 27. Qd3 Kg7 28. g3 h6 29. Kg2 Qb2 30. h4 f5 31. Kh3 f4 32. Ng1 Qc3 33. Qf3 g5 34. h5 Kf6 35. Kg2 Ke7 36. Qg4 Qc2+ 37. Kh3 Kd8 38. Qe6 Kc7 39. Qf7+ Kc8 40. Qf6 Kc7 41. Qg7+ Kc8 42. Qxh6 Kc7 43. Qg7+ Kb6 44. Qg6 Kc7 45. h6 Qf2 46. Qf7+ Kb6 47. Kg4 Qxg3+ 48. Kf5 f3 49. Qf6 Kc7 50. Ke6 Qg4+ 51. Kf7 Qf4 52. h7 1-0


[Site "https://www.chess.com"]

[Event "Titled Tuesday Blitz March 21 Late 2023"]
[White "Zeman, Matyas"]
[Black "Gadimbayli, Abdulla"]
[WhiteFideId "364398"]
[BlackFideId "13404938"]
[WhiteElo "2254"]
[BlackElo "2390"]
[Result "0-1"]
[Round "01"]
[TimeControl "180+2"]
[Date "2023.03.21"]
[WhiteClock "0:00:01"]
[BlackClock "0:00:06"]

1. e4 c5 2. Nc3 Nc6 3. Bb5 Nd4 4. Nf3 Nxb5 5. Nxb5 a6 6. Nc3 e6 7. a4 Ne7 8. d3 Nc6 9. Be3 d5 10. d4 cxd4 11. Nxd4 Bb4 12. Nxc6 bxc6 13. O-O O-O 14. exd5 cxd5 15. Ne2 Bd6 16. f4 a5 17. Nd4 Ba6 18. Rf3 Qf6 19. c3 Rab8 20. Qd2 Rfc8 21. Rg3 g6 22. Re1 h5 23. Rg5 Rb7 24. f5 exf5 25. Nxf5 Bf8 26. Bd4 Qd8 27. Ng3 Be7 28. Rxe7 Qxe7 29. Nxh5 Qe2 30. Nf6+ Kf8 31. Qxe2 Bxe2 32. Nh7+ Kg8 33. Nf6+ Kf8 34. Nh7+ Kg8 35. Nf6+ Kg7 36. Nxd5+ Kf8 37. Nf6 Rxb2 38. Nh7+ Ke7 39. Re5+ Kd6 40. Ng5 f5 41. Nf7+ Kd7 42. Rd5+ Ke6 43. Nd6 Kxd5 44. Nxc8 Bd3 45. Nb6+ Kc6 46. Nd7 Kxd7 0-1


[Site "https://www.chess.com"]

[Event "Titled Tuesday Blitz March 21 Late 2023"]
[White "Klekowski, Maciej"]
[Black "Guzman Moneo, Alberto"]
[WhiteFideId "1132717"]
[BlackFideId "2209616"]
[WhiteElo "2540"]
[BlackElo "2157"]
[Result "1/2-1/2"]
[Round "01"]
[TimeControl "180+2"]
[Date "2023.03.21"]
[WhiteClock "0:00:55"]
[BlackClock "0:01:04"]

1. Nf3 g6 2. d4 Bg7 3. e4 c5 4. d5 d6 5. h3 Nf6 6. Nc3 O-O 7. Bc4 b5 8. Bxb5 Nxe4 9. Nxe4 Qa5+ 10. Nc3 Bxc3+ 11. bxc3 Qxb5 12. Bh6 Re8 13. Rb1 Qc4 14. Qd3 Ba6 15. Kd2 Qxa2 16. Qe4 Nd7 17. Ra1 Qc4 18. Qd3 Qxd3+ 19. cxd3 Bc8 20. c4 Nf6 21. Ra5 a6 22. Rb1 Ra7 23. Rb6 Nd7 24. Rc6 Nb8 25. Rb6 Nd7 26. Rc6 Nb8 27. Rb6 Nd7 1/2-1/2


[Site "https://www.chess.com"]

[Event "Titled Tuesday Blitz March 21 Late 2023"]
[White "Gatterer, Florian"]
[Black "Jaracz, Pawel"]
[WhiteFideId "811688"]
[BlackFideId "1102222"]
[WhiteElo "2221"]
[BlackElo "2438"]
[Result "1/2-1/2"]
[Round "01"]
[TimeControl "180+2"]
[Date "2023.03.21"]
[WhiteClock "0:02:25"]
[BlackClock "0:02:25"]

1. c4 e5 2. Nc3 Nf6 3. Nf3 Nc6 4. e3 d6 5. Be2 g6 6. d4 exd4 7. Nxd4 Bg7 8. Nxc6 bxc6 9. O-O O-O 10. Qc2 Re8 11. Bd3 Nd7 12. b3 Nc5 13. Bb2 Nxd3 14. Qxd3 Bf5 15. Qd2 Qg5 16. Ne2 1/2-1/2


[Site "https://www.chess.com"]

[Event "Titled Tuesday Blitz March 21 Late 2023"]
[White "Fernandez Guillen, Ernesto J."]
[Black "Krzywda, Andrzej"]
[WhiteFideId "3512428"]
[BlackFideId "1114565"]
[WhiteElo "2423"]
[BlackElo "2155"]
[Result "1-0"]
[Round "01"]
[TimeControl "180+2"]
[Date "2023.03.21"]
[WhiteClock "0:01:25"]
[BlackClock "0:00:10"]

1. e4 c5 2. Nf3 e6 3. d4 cxd4 4. Nxd4 Nf6 5. Nc3 d6 6. Bc4 Be7 7. Be3 O-O 8. Rg1 Nxe4 9. Nxe4 d5 10. Bd3 dxe4 11. Bxe4 f5 12. Bf3 e5 13. Nb5 Qa5+ 14. Nc3 e4 15. Be2 Be6 16. Qd4 Bf6 17. Qc5 Qd8 18. Rd1 Qe8 19. Nd5 Be5 20. Ne7+ Kh8 21. Qxe5 Qxe7 22. Bc5 Nc6 23. Bxe7 Nxe5 24. Bxf8 Rxf8 25. Rd6 Bf7 26. b3 Rc8 27. c4 Nc6 28. Kd2 Nb4 29. Ke3 a5 30. a4 g5 31. h4 f4+ 32. Kd2 Na6 33. hxg5 Nc5 34. Kc3 e3 35. f3 Bg6 36. Rgd1 Kg7 37. R1d4 Rf8 38. Rf6 Rxf6 39. gxf6+ Kxf6 40. Rxf4+ Ke5 41. Rf8 Nd7 42. Ra8 Kf4 43. Kd4 Nf6 44. Rf8 Kg5 45. Kxe3 Nd7 46. Ra8 b6 47. Bd1 Nc5 48. Rb8 Nd7 49. Rb7 Nf6 50. Rxb6 h5 51. Rb5+ Kh4 52. Kf2 Bb1 53. Rxa5 Nd7 54. g3+ Kh3 55. Rxh5# 1-0


[Site "https://www.chess.com"]

[Event "Titled Tuesday Blitz March 21 Late 2023"]
[White "Silva, Caio Henrique Angelico"]
[Black "Maatman, Nick"]
[WhiteFideId "22777210"]
[BlackFideId "1040391"]
[WhiteElo "2096"]
[BlackElo "2704"]
[Result "0-1"]
[Round "01"]
[TimeControl "180+2"]
[Date "2023.03.21"]
[WhiteClock "0:00:03"]
[BlackClock "0:00:30"]

1. d4 Nf6 2. c4 c5 3. d5 b5 4. cxb5 g6 5. Nc3 a6 6. bxa6 Bg7 7. e4 O-O 8. Nf3 Qa5 9. Bd2 Bxa6 10. Bxa6 Qxa6 11. Qe2 d6 12. a4 Nbd7 13. Qxa6 Rxa6 14. O-O Rb8 15. Rab1 Ng4 16. h3 Nge5 17. Nxe5 Nxe5 18. b3 Rb4 19. f3 Nd3 20. Nb5 Rxb5 21. axb5 Rb6 22. Rfd1 Rxb5 23. Bg5 Bd4+ 24. Kf1 Nb4 25. Bxe7 Rb6 26. Bg5 f5 27. Ke2 Ra6 28. Rd2 Kf7 29. Be3 Bc3 30. Rdd1 Ra2+ 31. Bd2 Bd4 32. Kf1 Nc2 33. Rbc1 Rb2 34. Rb1 Ra2 35. Rdc1 Na3 36. Bf4 Nxb1 37. Rxb1 Rf2+ 38. Ke1 Rxg2 39. Rd1 Ke7 40. Rb1 g5 41. Bd2 Rg1+ 42. Ke2 Rxb1 0-1


[Site "https://www.chess.com"]

[Event "Titled Tuesday Blitz March 21 Late 2023"]
[White "Korchmar, Vasiliy"]
[Black "Gallegos Diaz, Carlos Alberto"]
[WhiteFideId "24131750"]
[BlackFideId "3900886"]
[WhiteElo "2370"]
[BlackElo "2362"]
[Result "1-0"]
[Round "01"]
[TimeControl "180+2"]
[Date "2023.03.21"]
[WhiteClock "0:00:32"]
[BlackClock "0:00:08"]

1. e4 d6 2. d4 Nf6 3. Nc3 c6 4. Nf3 Qa5 5. Bd3 e5 6. h3 Be7 7. O-O O-O 8. Re1 Nbd7 9. Ne2 Re8 10. Ng3 h6 11. Nf5 Bf8 12. c3 Qc7 13. N3h4 d5 14. exd5 e4 15. dxc6 exd3 16. Rxe8 Nxe8 17. cxd7 Bxd7 18. Qxd3 Nf6 19. Nf3 Qb6 20. Ne5 Be6 21. b3 Rd8 22. Bd2 a5 23. Re1 a4 24. bxa4 Qb2 25. Re2 Qxa2 26. Qf3 Bxf5 27. Qxf5 Qxa4 28. Re1 Qa2 29. Bxh6 Rd6 30. Bg5 Re6 31. Rc1 Nd5 32. Qxf7+ 1-0


[Site "https://www.chess.com"]

[Event "Titled Tuesday Blitz March 21 Late 2023"]
[White "drdaro"]
[Black "Preotu, Razvan"]
[BlackFideId "2613280"]
[WhiteElo "2373"]
[BlackElo "2407"]
[Result "0-1"]
[Round "01"]
[TimeControl "180+2"]
[Date "2023.03.21"]
[WhiteClock "0:00:01"]
[BlackClock "0:00:14"]

1. Nf3 c5 2. g3 Nc6 3. Bg2 e5 4. O-O d5 5. c4 Nf6 6. d3 Be7 7. Re1 O-O 8. cxd5 Nxd5 9. Nc3 Be6 10. Bd2 h6 11. Nxd5 Bxd5 12. Bc3 Qd6 13. Nd2 Bxg2 14. Kxg2 b5 15. a3 a5 16. Ne4 Qd5 17. f3 a4 18. Bd2 Nd4 19. Nc3 Qb7 20. Be3 Nb3 21. Rb1 Rfd8 22. Ne4 c4 23. Qc2 cxd3 24. exd3 Rac8 25. Qe2 b4 26. axb4 Bxb4 27. Red1 Rc6 28. Bd2 Rc2 29. Qe3 f5 30. Nc3 Bxc3 31. bxc3 a3 32. Qxe5 Qf7 33. Rxb3 Qxb3 34. Kg1 a2 35. Qa5 Qd5 36. Qa4 Qxd3 37. Qb3+ Kh7 0-1


[Site "https://www.chess.com"]

[Event "Titled Tuesday Blitz March 21 Late 2023"]
[White "Hamitevici, Vladimir"]
[Black "Kaganskiy, Gleb"]
[WhiteFideId "13902393"]
[BlackFideId "4132025"]
[WhiteElo "2401"]
[BlackElo "2165"]
[Result "1/2-1/2"]
[Round "01"]
[TimeControl "180+2"]
[Date "2023.03.21"]
[WhiteClock "0:00:10"]
[BlackClock "0:00:05"]

1. Nf3 Nf6 2. g3 d5 3. Bg2 e6 4. O-O Be7 5. c4 O-O 6. b3 c5 7. cxd5 exd5 8. d4 Nc6 9. Bb2 Ne4 10. Nbd2 Bf6 11. e3 cxd4 12. Nxd4 Nxd4 13. exd4 Nxd2 14. Qxd2 Be6 15. Qb4 Qb6 16. Qxb6 axb6 17. a4 Rfc8 18. Rfc1 Rc6 19. Rxc6 bxc6 20. b4 Bf5 21. a5 bxa5 22. bxa5 Bd3 23. Bf1 Ba6 24. Bc3 c5 25. Bxa6 Rxa6 26. Rb1 h5 27. Rb6 Ra8 28. a6 Bxd4 29. Bxd4 cxd4 30. Kf1 Kh7 31. Ke2 Rc8 32. Kd3 Rc4 33. Rd6 Ra4 34. Rxd5 Rxa6 35. Rxh5+ Kg6 36. Rh4 Ra2 37. Rf4 f6 38. Kxd4 Ra4+ 39. Ke3 Ra3+ 40. Ke4 Ra4+ 41. Kf3 Ra3+ 42. Kg4 Ra2 43. h4 Rb2 44. h5+ Kh7 45. Kf5 Rb5+ 46. Kg4 Rb7 47. Rf5 Rb4+ 48. Kh3 Rb7 49. f3 Ra7 50. g4 Rb7 51. Kg3 Ra7 52. Kf4 Rb7 53. Ke4 Ra7 54. Ke3 Ra3+ 55. Kd4 Ra7 56. Kd5 Ra5+ 57. Ke6 Ra6+ 58. Kd7 Ra7+ 59. Kc6 Ra6+ 60. Kb5 Ra2 61. Kc4 Rd2 62. Rd5 Rf2 63. Rd3 Ra2 64. Kd4 Ra4+ 65. Ke3 Ra7 66. Kf4 Ra4+ 67. Ke3 Ra7 68. Ke4 Ra4+ 69. Rd4 Ra7 70. f4 Rb7 71. Rd5 Rb4+ 72. Kf5 Rb7 73. g5 fxg5 74. fxg5 Rf7+ 75. Ke6 Ra7 76. Rd7 Ra6+ 77. Kf7 g6 78. Kf8+ Kh8 79. h6 Rb6 80. Kf7 Kh7 81. Kf8+ Kh8 82. Rf7 Rb8+ 83. Ke7 Rb7+ 84. Ke6 Rb6+ 85. Ke5 Ra6 86. Rf6 Ra5+ 87. Kf4 Kh7 88. Rf7+ Kh8 89. Rg7 Ra4+ 90. Ke3 Ra3+ 91. Kd2 Ra2+ 92. Kc3 Ra3+ 93. Kb4 Ra4+ 94. Kxa4 1/2-1/2


[Site "https://www.chess.com"]

[Event "Titled Tuesday Blitz March 21 Late 2023"]
[White "ArtemDyachuk"]
[Black "Bitoon, Richard"]
[BlackFideId "5201110"]
[WhiteElo "2370"]
[BlackElo "2374"]
[Result "0-1"]
[Round "01"]
[TimeControl "180+2"]
[Date "2023.03.21"]
[WhiteClock "0:00:02"]
[BlackClock "0:00:34"]

1. e4 e5 2. Nf3 Nc6 3. d4 exd4 4. Nxd4 Nf6 5. Nxc6 bxc6 6. e5 Qe7 7. Qe2 Nd5 8. c4 Ba6 9. b3 g5 10. Ba3 Qxa3 11. Nxa3 Bb4+ 12. Qd2 Bxd2+ 13. Kxd2 Nf4 14. h4 gxh4 15. Rxh4 Ng6 16. Rh5 O-O-O 17. g3 d5 18. Kc3 d4+ 19. Kd2 c5 20. e6 fxe6 21. Bh3 Rde8 22. Re1 Kb7 23. Rxc5 e5 24. Bg2+ Kb8 25. Ra5 Re6 26. Bd5 Rf6 27. f3 Bb7 28. f4 exf4 29. gxf4 Nxf4 30. Bxb7 Kxb7 31. Nb5 a6 32. Nxd4 Rd8 33. Kc3 Rfd6 34. Nf5 Rd3+ 35. Kb4 Rd2 36. Re7 R2d7 37. Rxd7 Rxd7 38. Ne3 Nd3+ 39. Kc3 Nf2 40. Rh5 Rd3+ 41. Kb4 Rxe3 42. Rxh7 Nd3+ 43. Ka5 Nc1 44. c5 Nxa2 45. c6+ Kxc6 46. Rh6+ Kb7 47. Rxa6 Re5+ 0-1


[Site "https://www.chess.com"]

[Event "Titled Tuesday Blitz March 21 Late 2023"]
[White "Jaferian, Koosha"]
[Black "Gerbelli Neto, Eduardo"]
[WhiteFideId "12507440"]
[BlackFideId "2103281"]
[WhiteElo "2107"]
[BlackElo "2178"]
[Result "1-0"]
[Round "01"]
[TimeControl "180+2"]
[Date "2023.03.21"]
[WhiteClock "0:01:23"]
[BlackClock "0:00:35"]

1. e4 e5 2. Nf3 Nc6 3. Bb5 a6 4. Bxc6 dxc6 5. O-O Bg4 6. h3 h5 7. d3 Qf6 8. Nbd2 Ne7 9. Nc4 Bxf3 10. Qxf3 Qxf3 11. gxf3 f6 12. f4 exf4 13. Bxf4 O-O-O 14. Be3 b6 15. f4 c5 16. a4 a5 17. Kh2 Nc6 18. Rg1 Nd4 19. Bxd4 cxd4 20. Rg6 Kb7 21. Rag1 Rd7 22. e5 fxe5 23. fxe5 Rh6 24. Rxh6 gxh6 25. Rf1 Bg7 26. e6 Re7 27. Rf7 Rxf7 28. exf7 Kc6 29. Kg3 Kc5 30. Kh4 Kb4 31. Kxh5 Kxa4 32. Kg6 Bf8 33. Ne5 b5 34. Nd7 Bd6 35. f8=B Bxf8 36. Nxf8 b4 37. Ne6 b3 38. Nc5+ Kb4 39. Nxb3 c5 40. Kxh6 a4 41. Nd2 a3 42. bxa3+ Kc3 43. Ne4+ Kxc2 44. Nxc5 Kc3 45. Kg5 1-0


[Site "https://www.chess.com"]

[Event "Titled Tuesday Blitz March 21 Late 2023"]
[White "Bochnicka, Vladimir"]
[Black "Herrera Reyes, Jose Antonio"]
[WhiteFideId "14943450"]
[BlackFideId "2274914"]
[WhiteElo "2094"]
[BlackElo "2273"]
[Result "1-0"]
[Round "01"]
[TimeControl "180+2"]
[Date "2023.03.21"]
[WhiteClock "0:00:20"]
[BlackClock "0:00:14"]

1. e4 c5 2. Nf3 e6 3. g3 b6 4. Bg2 Bb7 5. d3 Qc7 6. O-O d6 7. Re1 Nd7 8. c3 Ngf6 9. Bf4 Be7 10. h3 Rc8 11. Nbd2 Qb8 12. e5 Nxe5 13. Nxe5 Bxg2 14. Kxg2 dxe5 15. Bxe5 Qb7+ 16. Qf3 Qxf3+ 17. Nxf3 O-O 18. d4 Rfd8 19. a4 cxd4 20. Bxd4 Bc5 21. a5 b5 22. Rad1 Bxd4 23. Nxd4 a6 24. Nc6 Nd5 25. Nxd8 Rxd8 26. b3 Rc8 27. c4 bxc4 28. bxc4 Nb4 29. Rd6 Kf8 30. Rc1 Ke7 31. Rb6 Nd3 32. Rb7+ Kf6 33. Rc3 Nc5 34. Rf3+ Ke5 35. Rbxf7 Ne4 36. Re3 Rxc4 37. Rxg7 Kf6 38. Rg4 Nd6 39. Rxc4 Nxc4 40. Rc3 Nxa5 41. Ra3 Nc4 42. Rxa6 Ne5 43. Ra4 h5 44. h4 Ng4 45. Kf3 Kf5 46. Ra5+ e5 47. Ra8 Nh2+ 48. Ke2 Ng4 49. f3 Nf6 50. Rf8 Kg6 51. Ke3 Nd5+ 52. Ke4 Nf6+ 53. Kd3 Nd7 54. Rd8 Nc5+ 55. Kc4 Ne6 56. Rg8+ Kf7 57. Rh8 Kg7 58. Rxh5 Kf6 59. Rh6+ Kf5 60. Rxe6 Kxe6 61. h5 Kf5 62. g4+ Kf4 63. h6 Kxf3 64. h7 e4 65. h8=Q e3 66. g5 e2 67. Qe8 1-0


[Site "https://www.chess.com"]

[Event "Titled Tuesday Blitz March 21 Late 2023"]
[White "Nasuta, Grzegorz"]
[Black "Schrik, Rachid"]
[WhiteFideId "1141686"]
[BlackFideId "1009818"]
[WhiteElo "2449"]
[BlackElo "2098"]
[Result "0-1"]
[Round "01"]
[TimeControl "180+2"]
[Date "2023.03.21"]
[WhiteClock "0:00:17"]
[BlackClock "0:00:46"]

1. e4 c5 2. Nf3 Nc6 3. Bb5 e6 4. O-O Nge7 5. Re1 Nd4 6. Bf1 d5 7. Nc3 Nxf3+ 8. Qxf3 d4 9. Bb5+ Bd7 10. Bxd7+ Qxd7 11. Nb1 Nc6 12. d3 Be7 13. a4 O-O 14. Na3 Rab8 15. Nc4 f6 16. Qg3 e5 17. f4 a6 18. fxe5 b5 19. axb5 axb5 20. exf6 Bxf6 21. Nd2 Be5 22. Qh4 Nb4 23. Nf3 Rxf3 24. gxf3 Nxc2 25. Bf4 Nxe1 26. Rxe1 Bxf4 27. Qxf4 Rf8 28. Qg3 c4 29. Kg2 c3 30. Qe5 Rf6 31. bxc3 Rg6+ 32. Kf2 dxc3 33. Qxc3 Qh3 34. Qb3+ Kh8 35. Qd5 Qxh2+ 36. Ke3 Qh6+ 37. f4 Rg3+ 38. Kd4 Qb6+ 39. Qc5 Rxd3+ 40. Kxd3 Qxc5 41. e5 Qd5+ 42. Ke3 b4 43. Rd1 Qxd1 0-1


[Site "https://www.chess.com"]

[Event "Titled Tuesday Blitz March 21 Late 2023"]
[White "Hindermann, Felix"]
[Black "Martinez Reyes, Pedro Ramon"]
[WhiteFideId "1305212"]
[BlackFideId "3901807"]
[WhiteElo "2206"]
[BlackElo "2340"]
[Result "0-1"]
[Round "01"]
[TimeControl "180+2"]
[Date "2023.03.21"]
[WhiteClock "0:00:31"]
[BlackClock "0:00:38"]

1. e4 e6 2. d4 d5 3. e5 c5 4. c3 Qb6 5. Nf3 Bd7 6. a3 Bb5 7. b4 cxd4 8. Bxb5+ Qxb5 9. cxd4 Nc6 10. Nc3 Qb6 11. Be3 Nge7 12. O-O Nf5 13. Qd3 Be7 14. Rfc1 O-O 15. Na4 Qd8 16. Nc5 Bxc5 17. bxc5 Na5 18. Rab1 Qd7 19. Qb5 Qc7 20. Nd2 Rfc8 21. Rb4 Rab8 22. Rcb1 b6 23. Qa6 Nc6 24. cxb6 Nxb4 25. bxc7 Nxa6 26. cxb8=Q Rxb8 27. Rxb8+ Nxb8 28. g4 Ne7 29. Bg5 Nec6 30. Nb3 Nd7 31. Bd2 Kf8 32. f4 Ke8 33. Kf2 Nb6 34. Ke2 Nc4 35. Bc1 N4a5 36. Nxa5 Nxa5 37. Kd3 Kd7 38. a4 g6 39. Ba3 Nc4 40. Bc5 a6 41. Bb4 Nb2+ 42. Ke3 Nxa4 43. f5 gxf5 44. gxf5 exf5 45. Kf4 Ke6 46. Kg5 Nb2 47. Kh6 Nd3 48. Bd2 f4 49. Kxh7 f3 50. Be3 f2 51. Bxf2 Nxf2 52. h4 a5 53. Kg7 a4 54. h5 Ng4 55. h6 Nxh6 56. Kxh6 a3 57. Kg5 a2 58. Kf4 a1=Q 59. Ke3 Qc3+ 60. Kf4 Qxd4+ 61. Kg5 Qxe5+ 62. Kh6 Qg3 63. Kh7 Kf6 64. Kh8 Qg7# 0-1


[Site "https://www.chess.com"]

[Event "Titled Tuesday Blitz March 21 Late 2023"]
[White "Darini, Pouria"]
[Black "crosky"]
[WhiteFideId "12502200"]
[WhiteElo "2482"]
[BlackElo "2354"]
[Result "1-0"]
[Round "01"]
[TimeControl "180+2"]
[Date "2023.03.21"]
[WhiteClock "0:00:27"]
[BlackClock "0:00:02"]

1. e4 c6 2. d4 d5 3. e5 Bf5 4. h4 a6 5. Nc3 h5 6. Bd3 Bxd3 7. Qxd3 e6 8. Bg5 Be7 9. Nf3 Nd7 10. Ne2 c5 11. c3 Qb6 12. O-O Nh6 13. Bxh6 Rxh6 14. b3 Rg6 15. g3 Rg4 16. Nf4 g6 17. Qe3 cxd4 18. cxd4 g5 19. hxg5 h4 20. Nxh4 Rxg5 21. Nf3 Rg4 22. Rac1 Nb8 23. Kg2 Nc6 24. Rh1 O-O-O 25. Rh7 Rf8 26. Nxe6 fxe6 27. Rxe7 Kb8 28. Rxe6 Rxf3 29. Qxf3 Qxd4 30. Rexc6 bxc6 31. Rxc6 Rg8 32. Rd6 1-0


[Site "https://www.chess.com"]

[Event "Titled Tuesday Blitz March 21 Late 2023"]
[White "Matinian, Nikita"]
[Black "Kostiukov, Alexandr"]
[WhiteFideId "24129100"]
[BlackFideId "14108100"]
[WhiteElo "2422"]
[BlackElo "2202"]
[Result "1-0"]
[Round "01"]
[TimeControl "180+2"]
[Date "2023.03.21"]
[WhiteClock "0:00:55"]
[BlackClock "0:00:02"]

1. e4 c5 2. Nf3 g6 3. c3 Bg7 4. d4 cxd4 5. cxd4 d5 6. e5 Bg4 7. Bb5+ Nc6 8. Nc3 Nh6 9. h3 Bxf3 10. Qxf3 Nf5 11. Be3 O-O 12. Bxc6 bxc6 13. O-O c5 14. Nxd5 cxd4 15. Bg5 h6 16. Bf4 e6 17. Nf6+ Bxf6 18. exf6 Qxf6 19. Rfe1 g5 20. Be5 Qg6 21. Rac1 Rac8 22. Rxc8 Rxc8 23. Qb7 Rf8 24. Qxa7 g4 25. hxg4 Qxg4 26. Qa3 Rc8 27. Qd3 h5 28. a4 Rc5 29. Qb3 Ne3 30. Qb8+ Kh7 31. Qh8+ Kg6 32. Qg7+ Kf5 33. Qf6+ Ke4 34. f3+ 1-0


[Site "https://www.chess.com"]

[Event "Titled Tuesday Blitz March 21 Late 2023"]
[White "Abduzhaparov"]
[Black "Martynov, Pavel"]
[BlackFideId "4101260"]
[WhiteElo "2347"]
[BlackElo "2314"]
[Result "0-1"]
[Round "01"]
[TimeControl "180+2"]
[Date "2023.03.21"]
[WhiteClock "0:00:06"]
[BlackClock "0:00:16"]

1. Nf3 d5 2. c4 e6 3. g3 c5 4. Bg2 Nc6 5. d4 Nf6 6. Nc3 Be7 7. cxd5 exd5 8. O-O O-O 9. Bf4 Bg4 10. Ne5 cxd4 11. Nxc6 bxc6 12. Qxd4 c5 13. Qa4 d4 14. Rad1 Qc8 15. Bxa8 Qxa8 16. Be5 dxc3 17. f3 Bh3 18. Rf2 cxb2 19. Bxb2 Be6 20. e4 c4 21. Bd4 Rd8 22. Rfd2 h6 23. Bxf6 Rxd2 24. Bxe7 Rxd1+ 25. Qxd1 Qc6 26. Qc2 c3 27. Kg2 a5 28. Bd8 Qc5 29. g4 Bxa2 30. e5 Bb3 31. Qxb3 c2 32. e6 c1=Q 33. exf7+ Kf8 0-1


[Site "https://www.chess.com"]

[Event "Titled Tuesday Blitz March 21 Late 2023"]
[White "Khripachenko, Alexander"]
[Black "Bhavikatti, Neil"]
[WhiteFideId "54184975"]
[BlackFideId "30935024"]
[WhiteElo "2384"]
[BlackElo "2347"]
[Result "1-0"]
[Round "01"]
[TimeControl "180+2"]
[Date "2023.03.21"]
[WhiteClock "0:01:05"]
[BlackClock "0:00:08"]

1. e4 e5 2. Nf3 Nc6 3. Bb5 a6 4. Ba4 Nf6 5. d3 b5 6. Bb3 Be7 7. O-O d6 8. a4 Na5 9. Ba2 b4 10. d4 exd4 11. Nxd4 O-O 12. Re1 c5 13. Nf5 Bxf5 14. exf5 d5 15. Qf3 c4 16. Bf4 Bc5 17. Nd2 Qb6 18. Rad1 Rad8 19. Nf1 b3 20. cxb3 Nxb3 21. Bxb3 Qxb3 22. Qxb3 cxb3 23. Rd3 Ne4 24. Be3 Bb4 25. Red1 a5 26. Rxd5 Rc8 27. f3 Nf6 28. R5d3 Rc2 29. Rxb3 Rfc8 30. Ng3 h6 31. Bd4 Nd5 32. Be5 Bc5+ 33. Bd4 Nf4 34. Bxc5 R8xc5 35. Rc3 Rxg2+ 36. Kf1 Rxc3 37. bxc3 Rxh2 38. Rd8+ Kh7 39. Rd7 h5 40. Rxf7 h4 41. Ne4 Kh6 42. Nf2 h3 43. Ng4+ Kg5 44. Nxh2 Kh4 45. Rxg7 Nh5 46. Rg4# 1-0


[Site "https://www.chess.com"]

[Event "Titled Tuesday Blitz March 21 Late 2023"]
[White "Mayaud, Raphael"]
[Black "Wieczorek, Oskar"]
[WhiteFideId "627151"]
[BlackFideId "1133950"]
[WhiteElo "2191"]
[BlackElo "2418"]
[Result "1-0"]
[Round "01"]
[TimeControl "180+2"]
[Date "2023.03.21"]
[WhiteClock "0:00:14"]
[BlackClock "0:00:02"]

1. d4 Nf6 2. Bg5 Ng8 3. e4 d6 4. Bd3 h6 5. Bh4 g6 6. Ne2 c6 7. c3 Bg7 8. Nd2 Na6 9. O-O g5 10. Bg3 h5 11. f4 h4 12. Bf2 g4 13. Be3 h3 14. g3 Nc7 15. f5 Nf6 16. a4 e5 17. Qc2 Qe7 18. Rad1 exd4 19. cxd4 Ncd5 20. Bg5 Nb4 21. Qc3 Nxd3 22. Qxd3 Rh5 23. Bf4 d5 24. Be5 Bh6 25. Nf4 Rg5 26. Rde1 Bd7 27. exd5 O-O-O 28. d6 Qf8 29. Bxf6 Bxf5 30. Qb3 Qxd6 31. Be5 Qd7 32. Nc4 1-0


[Site "https://www.chess.com"]

[Event "Titled Tuesday Blitz March 21 Late 2023"]
[White "Domingo Nunez, Ruben"]
[Black "Romero Ruscalleda, Josep"]
[WhiteFideId "22245570"]
[BlackFideId "2231859"]
[WhiteElo "2404"]
[BlackElo "2183"]
[Result "1-0"]
[Round "01"]
[TimeControl "180+2"]
[Date "2023.03.21"]
[WhiteClock "0:00:06"]
[BlackClock "0:00:02"]

1. b3 e5 2. Bb2 d6 3. c4 g6 4. h4 Nf6 5. Nc3 Bg7 6. d4 Nc6 7. d5 Ne7 8. Nf3 Bg4 9. Qc2 a6 10. a4 Qd7 11. Nd2 Qc8 12. f3 Bd7 13. e4 Nh5 14. Ne2 f5 15. c5 O-O 16. Nc4 fxe4 17. fxe4 Rf6 18. Rc1 Qf8 19. cxd6 cxd6 20. Nb6 Rd8 21. Qc7 Bg4 22. Rc3 Bh6 23. Qxb7 Rxf1+ 24. Rxf1 Bd2+ 25. Kxd2 Qxf1 26. Re3 Bxe2 27. Qxe7 Qd1+ 28. Kc3 Rf8 29. Qe6+ Rf7 30. Qc8+ Kg7 31. Kb4 Nf4 32. Ka5 Qe1+ 33. Qc3 Qxc3+ 34. Bxc3 Bd1 35. g3 Ne2 36. Bb4 Nd4 37. Bxd6 Nxb3+ 38. Kb4 Nd4 39. Bxe5+ Kh6 40. Bxd4 Rc7 41. Rc3 Rb7 42. Kc5 a5 43. Kc6 Rf7 44. d6 Bg4 45. d7 1-0


[Site "https://www.chess.com"]

[Event "Titled Tuesday Blitz March 21 Late 2023"]
[White "Rego, Pedro Filipe"]
[Black "Diaz Perez, Michel Alejandro"]
[WhiteFideId "1904310"]
[BlackFideId "3517179"]
[WhiteElo "2193"]
[BlackElo "2333"]
[Result "0-1"]
[Round "01"]
[TimeControl "180+2"]
[Date "2023.03.21"]
[WhiteClock "0:01:44"]
[BlackClock "0:02:06"]

1. b3 d5 2. Bb2 f6 3. f4 c5 4. Nf3 Nc6 5. e3 a6 6. Be2 Bg4 7. O-O e6 8. d3 Bd6 9. Nbd2 Nge7 10. h3 Bh5 11. c4 O-O 12. g4 Bg6 13. Qe1 b5 14. g5 Nb4 15. gxf6 gxf6 16. e4 Bxf4 17. exd5 exd5 18. Qh4 Qc7 19. Bxf6 Nf5 0-1


[Site "https://www.chess.com"]